 Dungeon Crawl Stone Soup version 0.22.1-2-g9c5b331 (webtiles) character file.

88 lysyklops the Insei (level 4, 0/36 HPs)
             Began as a Draconian Transmuter on Dec 17, 2018.
             Slain by a worm (9 damage)
             ... on level 3 of the Dungeon.
             The game lasted 00:04:14 (2115 turns).

lysyklops the Insei (Draconian Transmuter)          Turns: 2115, Time: 00:04:14

Health: 0/36       AC:  5    Str: 12    XL:     4   Next: 29%
Magic:  6/7        EV: 12    Int: 14    God:
Gold:   125        SH:  0    Dex: 12    Spells: 7/8 levels left

rFire    . . .     SeeInvis .     - Unarmed
rCold    . . .     Gourm    .   (no shield)
rNeg     . . .     Faith    .   (armour unavailable)
rPois    .         Spirit   .   (helmet restricted)
rElec    .         Reflect  .   (no cloak)
rCorr    .         Harm     .   (no gloves)
MR       .....                  (boots currently unavailable)
Stlth    +.........             (no amulet)
HPRegen  0.12/turn              (no ring)
MPRegen  0.10/turn              (no ring)

@: appendage (expiring)
A: unfitting armour, talons 3, cold-blooded, AC +5
a: End Transformation


You were on level 3 of the Dungeon.
You were not hungry.
You had grown temporary talons.
You visited 1 branch of the dungeon, and saw 3 of its levels.

You collected 125 gold pieces.

Inventory:

Missiles
 a - 26 arrows
Jewellery
 d - a +2 ring of intelligence {unknown}
 g - an uncursed ring of fire {unknown}
 j - an uncursed ring of wizardry {unknown}
Scrolls
 b - a scroll of immolation {unknown}
 e - 3 scrolls of remove curse {unknown}
 f - a scroll of blinking {unknown}
 h - 2 scrolls of identify {unknown}
 l - a scroll of teleportation {unknown}
 m - 2 scrolls of noise {unknown}
Potions
 i - a potion of resistance {unknown}
 k - a potion of agility {unknown}
Comestibles
 c - 3 rations
 n - 5 chunks of flesh


   Skills:
 + Level 2.2 Fighting
 + Level 2.3 Dodging
 + Level 3.5 Unarmed Combat
 + Level 2.5 Spellcasting
 + Level 2.6 Transmutations


You had 7 spell levels left.
You knew the following spells:

 Your Spells              Type           Power        Failure   Level  Hunger
a - Beastly Appendage     Tmut           #.....       8%          1    #......

Your spell library contained the following spells:

 Spells                   Type           Power        Failure   Level  Hunger
 Sticks to Snakes         Tmut           #.......     12%         2    ###....
 Spider Form              Tmut/Pois      #.........   36%         3    ###....
 Ice Form                 Ice/Tmut       #.......     78%         4    #####..
 Blade Hands              Tmut           #.........   91%         5    ######.


Dungeon Overview and Level Annotations

Branches:
Dungeon (3/15)

Altars:
Yredelemnul


Innate Abilities, Weirdness & Mutations

Your plain brown scales are hard. (AC +5)
You cannot fit into any form of body armour.
You are cold-blooded and may be slowed by cold attacks.
You have claws for feet.


Message History

The worm bites you.
* * * LOW HITPOINT WARNING * * *
You hit the worm.
The worm is severely wounded.
You hit the worm.
The worm is almost dead.
The worm barely misses you.
You see here a quokka skeleton.
There is a stone staircase leading up here.
Casting: Beastly Appendage (safe; 8% risk of failure)
Confirm with . or Enter, or press ? or * to list all spells.
Your feet morph into talons.
Your transformation is almost over.
You barely miss the worm.
The worm is heavily wounded.
Your magical contamination has completely faded away.
You hit the worm. Your kick misses the worm.
The worm is almost dead.
The worm bites you!
You die...

..... #...# .....#
#.### #....##.###
#####.
##.##..รท...##......
..................<
##.#...............
#...............
#...............
##...@w..........
#................
#..).............
#.#..............
#..##.....##.....#
#. ####### ######


You could see a worm.

Vanquished Creatures
  2 adders
  3 oozes (D:2)
  2 worms (D:2)
  3 leopard geckos
  A ball python (D:3)
  A giant cockroach (D:1)
  6 goblins
  5 hobgoblins (D:1)
  2 quokkas
  9 bats
  6 frilled lizards (D:2)
  3 kobolds
  9 rats
52 creatures vanquished.

Notes
Turn   | Place    | Note
-------+----------+-------------------------------------------
     0 | D:1      | lysyklops the Draconian Transmuter began the quest for the
                  | Orb.
     0 | D:1      | Reached XP level 1. HP: 16/16 MP: 3/3
   107 | D:1      | Reached XP level 2. HP: 10/23 MP: 5/5
  1078 | D:2      | Reached XP level 3. HP: 29/29 MP: 4/6
  1094 | D:2      | Found a basalt altar of Yredelemnul.
  1762 | D:2      | Reached XP level 4. HP: 35/36 MP: 5/7
  2115 | D:3      | Slain by a worm

Skill      XL: |  1  2  3 |
---------------+----------+-----
Dodging        | 2 |  2.3
Fighting       | 2 |  2.2
Unarmed Combat | |  3.5
Spellcasting   | |  2.5
Transmutations | |  2.6

Action                   |  1- 3 |  4- 6 || total
-------------------------+-------+-------++-------
Melee: Unarmed           |   163 |    29 ||   192
       Kick              |     7 |       ||     7
       Tailslap          |    13 |     2 ||    15
       Headbutt          |     3 |     1 ||     4
       Punch             |     2 |       ||     2
 Cast: Beastly Appendage |    13 |     2 ||    15
 Stab: Sleeping          |     2 |       ||     2
  Eat: Chunk             |     3 |     1 ||     4
Armor: Skin              |    69 |     4 ||    73
Dodge: Dodged            |   121 |    14 ||   135
